 Dungeon Crawl Stone Soup version 0.22-a0-558-gc224181 (webtiles) character file.

17 inc the Skirmisher (level 2, -4/32 HPs)
             Began as an Ogre Hunter on June 27, 2018.
             Slain by an ogre
             ... wielding a +0 giant spiked club
              (23 damage)
             ... on level 2 of the Dungeon.
             The game lasted 00:00:34 (1092 turns).

inc the Skirmisher (Ogre Hunter)                    Turns: 1092, Time: 00:00:36

Health: -4/32      AC:  3    Str: 15    XL:     2   Next: 62%
Magic:  2/2        EV: 10    Int: 12    God:
Gold:   46         SH:  0    Dex:  9    Spells: 1/1 levels left

rFire    . . .     SeeInvis .   a - +0 short sword
rCold    . . .     Gourm    .   (no shield)
rNeg     . . .     Faith    .   b - +0 robe
rPois    .         Spirit   .   (helmet restricted)
rElec    .         Reflect  .   (no cloak)
rCorr    .         Harm     .   (gloves unavailable)
MR       .....                  (boots unavailable)
Stlth    +.........             (no amulet)
HPRegen  0.10/turn              (no ring)
MPRegen  0.08/turn              (no ring)

@: no status effects
A: large, unfitting armour, tough skin 1
a: no special abilities


You were on level 2 of the Dungeon.
You were hungry.

You visited 1 branch of the dungeon, and saw 2 of its levels.

You collected 46 gold pieces.

Inventory:

Hand Weapons
 a - a +0 short sword (weapon)
Missiles
 c - 2 large rocks (quivered)
 d - 2 throwing nets
Armour
 b - a +0 robe (worn)
Scrolls
 e - a scroll of blinking {unknown}
 g - a scroll of enchant weapon {unknown}
 h - 2 scrolls of remove curse {unknown}
 i - a scroll of fog {unknown}
 j - a scroll of identify {unknown}
Potions
 k - a potion of heal wounds {unknown}
Comestibles
 f - 3 rations


   Skills:
 + Level 4.2 Fighting
 - Level 4.0 Throwing
 - Level 1.7 Dodging
 - Level 0.6 Stealth


You had one spell level left.
You didn't know any spells.
Your spell library was empty.

Dungeon Overview and Level Annotations

Branches:
Dungeon (2/15)

Altars:


Innate Abilities, Weirdness & Mutations

You are too large for most types of armour.
You have tough skin. (AC +1)


Message History

Press: ? - help, Shift-Dir - straight line, f - ogre
Aim: an ogre, wielding a giant spiked club You throw a large rock.
The large rock hits the ogre.
The ogre is lightly wounded.
The adder hisses angrily.
Throwing (i - inventory. (/) - cycle)
c - 4 large rocks (quivered)
Press: ? - help, Shift-Dir - straight line, f/p - ogre
Aim: an ogre, wielding a giant spiked club (lightly wounded)
You throw a large rock. The large rock hits the ogre.
The ogre is moderately wounded.
The ogre hits you with a giant spiked club!
Throwing (i - inventory. (/) - cycle)
c - 3 large rocks (quivered)
Press: ? - help, Shift-Dir - straight line, f/p - ogre
Aim: an ogre, wielding a giant spiked club (moderately wounded)
You throw a large rock. The large rock hits the ogre!!
The ogre is almost dead.
The adder closely misses you. The adder bites you but does no damage.
The ogre hits you with a giant spiked club!!
Ouch! That really hurt!
You die...

...+....... ...#........#
............# .........(...
.............. .. ..........(#.#
... .. .........SO#.##.... ..
........@....###....## ...
.......(.....?........
...########.................#
.............##.#..#.###....#
............................#
.............##......#......##.
.
#....)..........................
#....#........#........#######..
#......##.......................


You could see an ogre and an adder.

Vanquished Creatures
  2 dart slugs
  2 bats (D:1)
  A giant cockroach (D:1)
  A hobgoblin (D:2)
  3 goblins (D:1)
  A kobold (D:1)
  5 rats
15 creatures vanquished.

Notes
Turn   | Place    | Note
-------+----------+-------------------------------------------
     0 | D:1      | inc the Ogre Hunter began the quest for the Orb.
     0 | D:1      | Reached XP level 1. HP: 22/22 MP: 1/1
   188 | D:1      | Reached XP level 2. HP: 17/32 MP: 2/2
  1088 | D:2      | Noticed an ogre
  1092 | D:2      | Slain by an ogre

Vault maps used:
D:1:      dpeg_arrival_short_road, kennysheep_another_room,
          minmay_misc_feat_four_crosses

Skill      XL: |  1  2 |
---------------+-------+-----
Fighting       | 3 4 |  4.2
Throwing       | |  4.0
Dodging        | |  1.7
Stealth        | |  0.6

Action                   || total
-------------------------++-------
Melee: Short sword       ||    48
Throw: Large rock        ||     3
Armor: Robe              ||    10
Dodge: Dodged            ||    13

Table legend:
 A = Spawn XP
 B = Non-spawn XP
 C = Spawn XP percentage of total XP
 D = Spawn monster count
 E = Non-spawn monster count
 F = Spawn count percentage of total count
 G = Total turns spent on level
                    A         B        C        D         E        F      G
               +---------+---------+-------+---------+---------+-------+---------
         Total |       0 |      25 |   0.0 |       0 |      15 |   0.0 |  1092
               +---------+---------+-------+---------+---------+-------+---------
           D:1 |       0 |      18 |   0.0 |       0 |      12 |   0.0 |   908
           D:2 |       0 |       7 |   0.0 |       0 |       3 |   0.0 |   184
               +---------+---------+-------+---------+---------+-------+---------
